 Dungeon Crawl Stone Soup version 0.27-a0-1084-g78b3836a5f (webtiles) character file.

Game seed: 13029367694709862068

4234 dolemite99 the Prestidigitator (level 10, -8/68 HPs)
             Began as a Gnoll Artificer on Apr 27, 2021.
             Was an Elder of Hepliaklqana.
             Blown up by Maurice (18 damage)
             ... with a mindburst bolt
             ... on level 8 of the Dungeon.
             The game lasted 00:24:49 (13068 turns).

dolemite99 the Prestidigitator (Gnoll Artificer)   Turns: 13068, Time: 00:24:49

Health: -8/68      AC: 16    Str: 15    XL:     10   Next: 30%
Magic:  17/17      EV: 13    Int: 10    God:    Hepliaklqana [****..]
Gold:   217        SH:  0    Dex: 13    Spells: 7/19 levels left

rFire    + . .     SeeInvis .   r - +2 dagger (venom)
rCold    . . .     Faith    .   (no shield)
rNeg     . . .     Spirit   .   E - +0 ring mail {rF+}
rPois    .         Reflect  .   B - +1 helmet
rElec    .         Harm     .   h - +0 cloak
rCorr    .         Rampage  .   g - +1 pair of gloves
Will     .....                  (no boots)
Stlth    ++........             (no amulet)
HPRegen  0.21/turn              c - +4 ring of protection {=R}
MPRegen  0.15/turn              t - ring of wizardry

@: no status effects
A: reduced essence, fangs 1, strong nose, distributed training
a: Renounce Religion, Recall Ancestor, Ancestor Identity, Transference, Idealise


You were on level 8 of the Dungeon.
You worshipped Hepliaklqana.
Hepliaklqana was greatly pleased with you.
You visited 1 branch of the dungeon, and saw 8 of its levels.

You collected 346 gold pieces.
You spent 129 gold pieces at shops.

Inventory:

Hand Weapons
 a - a +1 trident of freezing
 k - a +0 war axe of flaming
 r - a +2 dagger of venom (weapon)
 s - a +3 falchion
 L - a +3 dagger of flaming
Missiles
 i - 136 stones (quivered)
 l - 112 arrows
 w - 43 sling bullets
Armour
 g - a +1 pair of gloves (worn)
 h - a +0 cloak (worn)
 B - a +1 helmet (worn)
 E - a +0 ring mail of fire resistance (worn)
 F - the +3 plate armour of Beyond {Will+ Int+3 Dex+3}
   (You found it on level 6 of the Dungeon)

   It affects your intelligence (+3).
   It affects your dexterity (+3).
   It increases your willpower.
Jewellery
 c - a +4 ring of protection (left hand) {=R}
 t - a ring of wizardry (right hand)
 K - a ring of protection from cold
Wands
 d - a wand of charming (14)
 o - a wand of digging (5)
Scrolls
 m - 2 scrolls of vulnerability
 n - 4 scrolls of teleportation
 u - 2 scrolls of fear
Potions
 f - a potion of curing
 j - 2 potions of flight
 q - a potion of magic
 x - 2 potions of haste
 A - 2 potions of brilliance
 C - a potion of heal wounds
 G - a potion of might
 I - 2 potions of attraction
 M - a potion of ambrosia
Miscellaneous
 e - a piece from Xom's chessboard (12/15)


   Skills:
 + Level 5.8 Fighting
 + Level 5.1 Short Blades
 + Level 5.1 Long Blades
 + Level 5.1 Axes
 + Level 5.1 Maces & Flails
 + Level 5.1 Polearms
 + Level 5.1 Staves
 + Level 5.1 Slings
 + Level 5.1 Bows
 + Level 5.1 Crossbows
 + Level 5.1 Throwing
 + Level 7.0 Armour
 + Level 5.8 Dodging
 + Level 5.7 Stealth
 + Level 5.1 Shields
 + Level 5.1 Unarmed Combat
 + Level 5.1 Spellcasting
 + Level 4.2 Conjurations
 + Level 4.2 Hexes
 + Level 4.2 Summonings
 + Level 4.2 Necromancy
 + Level 4.2 Translocations
 + Level 4.2 Transmutations
 + Level 4.2 Fire Magic
 + Level 4.2 Ice Magic
 + Level 4.2 Air Magic
 + Level 4.2 Earth Magic
 + Level 4.2 Poison Magic
 + Level 5.6 Invocations
 + Level 8.4 Evocations


You had 7 spell levels left.
You knew the following spells:

 Your Spells              Type           Power      Damage    Failure   Level
a - Slow                  Hex            11%        N/A       4%          2
b - Call Imp              Summ           11%        N/A       4%          2
c - Blink                 Tloc           N/A        N/A       4%          2
d - Conjure Flame         Conj/Fire      11%        6-21      9%          3
e - Dazzling Flash        Conj/Hex       22%        N/A       9%          3

Your spell library contained the following spells:

 Spells                   Type           Power      Damage    Failure   Level
 Foxfire                  Conj/Fire      44%        2x1d6     2%          1
 Magic Dart               Conj           44%        1d5       2%          1
 Searing Ray              Conj           22%        3d3       4%          2
 Confusing Touch          Hex            11%        N/A       9%          3
 Gell's Gravitas          Tloc           5%         N/A       9%          3
 Inner Flame              Hex/Fire       11%        N/A       9%          3
 Mephitic Cloud           Conj/Pois/Air  11%        N/A       9%          3
 Fulminant Prism          Conj/Hex       5%         3d7       26%         4
 Iskenderun's Mystic Bla  Conj/Tloc      11%        2d4       26%         4
 Petrify                  Tmut/Erth      11%        N/A       26%         4
 Sticky Flame             Conj/Fire      11%        2d3       26%         4
 Fireball                 Conj/Fire      5%         3d5       58%         5
 Metabolic Englaciation   Hex/Ice        5%         N/A       58%         5
 Yara's Violent Unravell  Hex/Tmut       5%         3d4       58%         5


Dungeon Overview and Level Annotations

Branches:
Dungeon (8/15)             Temple (0/1) D:5
   Lair: D:8-11

Altars:
Ashenzari
Hepliaklqana
Makhleb
Nemelex Xobeh
Xom

Shops:
D:1 [   D:2 *   D:4 :

Annotations:
D:7 3 runed translucent doors, Demosthentine's ghost, novice MfGl; DocEon's ghost, novice PaFi; math4jedi's ghost, novice MiBe
D:8 Maurice


Innate Abilities, Weirdness & Mutations

Your life essence is reduced to manifest your ancestor. (-10% HP)
You have very sharp teeth.
Your uncanny sense of smell can sniff out nearby items.
Your experience applies equally to all skills.


Message History

Okay, then.
You start resting.
Maurice is no longer charmed.
Huckleberry Finn hits Maurice with a +0 flail!
Maurice hits you with a +0 dire flail!
Maurice steals your +0 shortbow!
Unknown command.
Unknown command.
Unknown command.
Press: ? - help, v - describe, . - travel
Here: Maurice, wielding a +0 dire flail, wearing a +0 cloak and carrying a wand of mindburst (7) (lightly wounded, ally target)
The floor.
Unknown command.
You swap places.
Huckleberry Finn barely misses Maurice.
Maurice zaps a wand.
Your mind is blasted!
What are your orders? t - Bark!
Orders for allies: a - Attack new target. p - Attack previous target. r - Retreat! s - Stop attacking. g - Guard the area. f - Follow me.
Anything else - Cancel.
Guard this area!
Huckleberry Finn hits Maurice with a +0 flail!
Maurice mumbles some strange words.
Maurice puts on a burst of speed!
You barely miss Maurice.
Maurice is moderately wounded.
Huckleberry Finn completely misses Maurice.
Maurice barely misses you.
You hit Maurice but do no damage.
Maurice is poisoned.
Maurice is moderately wounded.
Huckleberry Finn hits Maurice with a +0 flail!
You hit Maurice.
Maurice looks as sick as possible!
Maurice is heavily wounded.
Maurice zaps a wand.
Your mind is blasted!
* * * LOW HITPOINT WARNING * * *
Huckleberry Finn closely misses Maurice.
You hit Maurice. You punch Maurice, but do no damage.
Maurice is heavily wounded.
Maurice zaps a wand.
Your mind is blasted!
You die...

........)..)R..####
....###.....@..ยง..#
.R.## ##..###.###.#
#{## #..........#
#.# ##.###.##..###
#.# #.# #.##....#
#.# #.# #.##.##.#
#.# #.###.##.##.#
#.# #...#.##@##.#
#.# ###....@R##.#
#.# ######.#.#####.#
#.# .........# #.#
#.. .#####.### #.#
#. #.# #. #o


oo You could see the friendly Huckleberry Finn the knight and Maurice (swift,
extremely poisoned, ally target).

Vanquished Creatures
  2 orc warriors
  A black bear (D:4)
  A sky beast (D:2)
  A centaur (D:8)
  An ogre (D:5)
  A bullfrog (D:7)
  A scorpion (D:4)
  A killer bee (D:8)
  An orc priest (D:8)
  A bullfrog skeleton (D:5)
  A centaur skeleton (D:6)
  A jelly (D:6)
  An iguana (D:7)
  An orc wizard (D:6)
  3 gnolls (D:6)
  2 adders
  A white imp (D:6)
  An adder skeleton (D:4)
  15 orcs
  6 ball pythons
  6 endoplasms
  3 giant cockroaches
  4 goblins
  7 hobgoblins
  2 jackals (D:3)
  5 quokkas
  5 bats
  3 kobolds (D:1)
  3 rats
81 creatures vanquished.

Vanquished Creatures (collateral kills)
  Grinder (D:3)
  Menkaure (D:6)
  2 ice beasts (D:5)
  A sky beast (D:8)
  3 orc warriors
  2 black bears (D:4)
  A necrophage (D:6)
  3 ogres
  A centaur (D:5)
  2 phantoms
  A kobold brigand (D:6)
  A bullfrog (D:5)
  2 scorpions
  A gnoll sergeant (D:6)
  A water moccasin zombie (D:5)
  3 water moccasin skeletons
  8 killer bees
  3 wights (D:8)
  3 howler monkeys (D:7)
  A centaur zombie (D:6)
  5 hounds
  4 jellies
  5 orc priests
  2 bullfrog skeletons
  A centaur skeleton (D:7)
  Crazy Yiuf (D:6)
  Jessica (D:3)
  3 iguanas
  6 orc wizards
  A hound skeleton (D:4)
  Robin (D:3)
  5 adders
  2 shadow imps
  An ufetubus (D:5)
  A worm (D:5)
  3 dart slugs
  19 orcs
  A bat (D:2)
  An endoplasm (D:3)
  3 hobgoblins (D:3)
  2 jackals (D:3)
  7 kobolds
  2 quokkas (D:5)
  2 ball pythons (D:4)
  A frilled lizard (D:3)
  7 goblins
128 creatures vanquished.

Vanquished Creatures (others)
  4 knights
  An ancestor (D:2)
  6 plants (D:2)
  4 withered plants (D:7)
15 creatures vanquished.

Grand Total: 224 creatures vanquished

Notes
Turn   | Place    | Note
-------+----------+-------------------------------------------
     0 | D:1      | dolemite99 the Gnoll Artificer began the quest for the Orb.
     0 | D:1      | Reached XP level 1. HP: 17/17 MP: 1/1
   188 | D:1      | Found Vyug Kocs's Antique Armour Emporium.
   287 | D:1      | Reached XP level 2. HP: 23/23 MP: 2/2
   546 | D:1      | Found a faded altar of an unknown god.
   704 | D:1      | Became a worshipper of Hepliaklqana the Forgotten
   704 | D:1      | Reached * piety under Hepliaklqana
   777 | D:2      | Reached XP level 3. HP: 21/25 MP: 3/3
  1129 | D:2      | Noticed a sky beast
  1160 | D:2      | Killed a sky beast
  1161 | D:2      | Reached skill level 1 in Short Blades
  1161 | D:2      | Reached skill level 1 in Long Blades
  1161 | D:2      | Reached skill level 1 in Axes
  1161 | D:2      | Reached skill level 1 in Maces & Flails
  1161 | D:2      | Reached skill level 1 in Polearms
  1161 | D:2      | Reached skill level 1 in Staves
  1161 | D:2      | Reached skill level 1 in Slings
  1161 | D:2      | Reached skill level 1 in Bows
  1161 | D:2      | Reached skill level 1 in Crossbows
  1161 | D:2      | Reached skill level 1 in Throwing
  1161 | D:2      | Reached skill level 1 in Shields
  1161 | D:2      | Reached skill level 1 in Unarmed Combat
  1161 | D:2      | Reached skill level 1 in Spellcasting
  1161 | D:2      | Reached skill level 1 in Conjurations
  1161 | D:2      | Reached skill level 1 in Hexes
  1161 | D:2      | Reached skill level 1 in Summonings
  1161 | D:2      | Reached skill level 1 in Necromancy
  1161 | D:2      | Reached skill level 1 in Translocations
  1161 | D:2      | Reached skill level 1 in Transmutations
  1161 | D:2      | Reached skill level 1 in Fire Magic
  1161 | D:2      | Reached skill level 1 in Ice Magic
  1161 | D:2      | Reached skill level 1 in Air Magic
  1161 | D:2      | Reached skill level 1 in Earth Magic
  1161 | D:2      | Reached skill level 1 in Poison Magic
  1161 | D:2      | Reached skill level 1 in Invocations
  1161 | D:2      | Reached XP level 4. HP: 28/30 MP: 3/5
  1161 | D:2      | Reached XP level 5. HP: 33/36 MP: 3/6
  1498 | D:2      | Found a burning altar of Makhleb.
  1848 | D:2      | Reached ** piety under Hepliaklqana
  1851 | D:2      | Remembered your ancestor Huckleberry Finn as a knight
  1991 | D:2      | Found Reta's Assorted Antiques.
  1994 | D:2      | Bought a scroll labelled SIYTIT MEARA for 21 gold pieces
  2443 | D:3      | Noticed Robin
  2450 | D:3      | Killed Robin
  2885 | D:3      | You fall into a shaft and drop 3 floors!
  2961 | D:6      | Reached XP level 6. HP: 25/42 MP: 8/8
  3124 | D:6      | Reached skill level 5 in Armour
  3133 | D:6      | HP: 1/42 [gnoll/+0 vampiric whip (8)]
  3154 | D:6      | HP: 2/42 [gnoll/+0 spear (2)]
  3619 | D:5      | Entered Level 5 of the Dungeon
  3645 | D:5      | Reached XP level 7. HP: 42/46 MP: 10/10
  3683 | D:5      | Reached skill level 7 in Evocations
  3889 | D:4      | Found Xigucsee's Book Boutique.
  4258 | D:3      | Noticed Jessica
  4336 | D:3      | Killed Jessica
  4571 | D:3      | Noticed Grinder
  4591 | D:3      | Killed Grinder
  4592 | D:3      | Reached XP level 8. HP: 54/54 MP: 12/12
  5129 | D:4      | Learned a level 2 spell: Blink
  5132 | D:4      | Learned a level 2 spell: Call Imp
  5255 | D:4      | Found a shimmering altar of Xom.
  5256 | D:4      | Found a hazy altar of Hepliaklqana.
  5258 | D:4      | Found a sparkling altar of Nemelex Xobeh.
  5266 | D:4      | Found a broken altar of Ashenzari.
  5801 | D:4      | Learned a level 2 spell: Slow
  5807 | D:4      | Learned a level 3 spell: Conjure Flame
  5811 | D:4      | Learned a level 3 spell: Dazzling Flash
  5815 | D:4      | Reached *** piety under Hepliaklqana
  6296 | D:1      | Bought a helmet for 108 gold pieces
  6575 | D:5      | Reached XP level 9. HP: 59/59 MP: 6/14
  6992 | D:5      | Found a staircase to the Ecumenical Temple.
  8525 | D:5      | Reached skill level 5 in Fighting
  8525 | D:5      | Reached skill level 5 in Dodging
  8824 | D:6      | Identified the +3 plate armour of Beyond {Will+ Int+3
                  | Dex+3}
  9091 | D:6      | Reached skill level 5 in Stealth
  9506 | D:6      | Noticed Menkaure
  9526 | D:6      | Killed Menkaure
  9527 | D:6      | Reached skill level 8 in Evocations
  9871 | D:6      | Found a runed translucent door.
  9872 | D:6      | Noticed Crazy Yiuf
  9940 | D:6      | Killed Crazy Yiuf
 10308 | D:7      | Reached skill level 5 in Invocations
 10523 | D:7      | Found a runed translucent gate.
 10523 | D:7      | Found a runed translucent gate.
 10524 | D:7      | Noticed DocEon's ghost (novice PaFi)
 10526 | D:7      | Noticed math4jedi's ghost (novice MiBe)
 10527 | D:7      | Found a runed translucent gate.
 10578 | D:7      | Noticed Demosthentine's ghost (novice MfGl)
 10955 | D:7      | Reached XP level 10. HP: 65/66 MP: 12/17
 11081 | D:7      | Reached **** piety under Hepliaklqana
 12068 | D:8      | Reached skill level 5 in Short Blades
 12068 | D:8      | Reached skill level 5 in Long Blades
 12068 | D:8      | Reached skill level 5 in Axes
 12068 | D:8      | Reached skill level 5 in Maces & Flails
 12068 | D:8      | Reached skill level 5 in Polearms
 12068 | D:8      | Reached skill level 5 in Staves
 12068 | D:8      | Reached skill level 5 in Slings
 12068 | D:8      | Reached skill level 5 in Bows
 12068 | D:8      | Reached skill level 5 in Crossbows
 12068 | D:8      | Reached skill level 5 in Throwing
 12068 | D:8      | Reached skill level 5 in Shields
 12068 | D:8      | Reached skill level 5 in Unarmed Combat
 12068 | D:8      | Reached skill level 5 in Spellcasting
 12952 | D:8      | Noticed Maurice
 13068 | D:8      | Blown up by Maurice

Illustrated notes

Levels and vault maps discovered:
D:1:      lemuel_arrival_room, layout_basic, serial_shops, shop,
          hellmonk_ecumenical_altar_crossroads
D:2:      wad_lake_hut, layout_basic, serial_shops, shop, basic_altar,
          small_statue_intersection, chequers_serial_rivers_micro_b
D:3:      layout_loops_cross, grunt_ministairs_2, uniq_grinder, uniq_robin,
          uniq_jessica
D:4:      layout_basic, minitemple, serial_shops, shop, grunt_ministairs_2,
          minmay_bent
D:5:      layout_rooms, minmay_temple_entry_mist, minmay_joined_circles
D:6:      layout_loops_ring, minmay_fractal_squares_gapless_5,
          uniq_crazy_yiuf_cottage, uniq_menkaure
D:7:      layout_cave_pods, gammafunk_ghost_cemetery
D:8:      layout_loops_ring, uniq_maurice

Skill      XL: |  1  2  3  4  5  6  7  8  9 10 |
---------------+-------------------------------+-----
Short Blades   | 1 2 3 4 5 |  5.1
Long Blades    | 1 2 3 4 5 |  5.1
Axes           | 1 2 3 4 5 |  5.1
Maces & Flails | 1 2 3 4 5 |  5.1
Polearms       | 1 2 3 4 5 |  5.1
Staves         | 1 2 3 4 5 |  5.1
Slings         | 1 2 3 4 5 |  5.1
Bows           | 1 2 3 4 5 |  5.1
Crossbows      | 1 2 3 4 5 |  5.1
Throwing       | 1 2 3 4 5 |  5.1
Shields        | 1 2 3 4 5 |  5.1
Unarmed Combat | 1 2 3 4 5 |  5.1
Spellcasting   | 1 2 3 4 5 |  5.1
Conjurations   | 1 2 3 4 |  4.2
Hexes          | 1 2 3 4 |  4.2
Summonings     | 1 2 3 4 |  4.2
Necromancy     | 1 2 3 4 |  4.2
Translocations | 1 2 3 4 |  4.2
Transmutations | 1 2 3 4 |  4.2
Fire Magic     | 1 2 3 4 |  4.2
Ice Magic      | 1 2 3 4 |  4.2
Air Magic      | 1 2 3 4 |  4.2
Earth Magic    | 1 2 3 4 |  4.2
Poison Magic   | 1 2 3 4 |  4.2
Invocations    | 1 2 3 4 5 |  5.6
Fighting       | 3 4 5 |  5.8
Dodging        | 3 4 5 |  5.8
Stealth        | 3 4 5 |  5.7
Armour         | 5 6 7 |  7.0
Evocations     | 7 8 |  8.4

Action                   |  1- 3 |  4- 6 |  7- 9 | 10-12 || total
-------------------------+-------+-------+-------+-------++-------
Melee: Club              |     1 |       |       |       ||     1
       Short sword       |    30 |    84 |    30 |       ||   144
       Bite              |     2 |     7 |    25 |     6 ||    40
       Punch             |       |     2 |     1 |     2 ||     5
       Dagger            |       |       |   102 |     4 ||   106
       War axe           |       |       |     1 |       ||     1
       Unarmed           |       |       |     3 |       ||     3
       Trident           |       |       |       |    54 ||    54
 Fire: Shortbow          |       |       |    65 |     9 ||    74
Throw: Stone             |       |       |    16 |     1 ||    17
 Cast: Call Imp          |       |       |   108 |    17 ||   125
       Slow              |       |       |     4 |    35 ||    39
Invok: Ancestor Identity |     1 |       |       |       ||     1
       Recall Ancestor   |       |     3 |     6 |     5 ||    14
       Ancestor Life: Kn |       |     1 |       |       ||     1
Evoke: Wand              |    15 |       |     2 |     5 ||    22
       Piece from Xom's  |       |       |     5 |     2 ||     7
  Use: Potion            |     3 |     2 |     4 |     1 ||    10
       Scroll            |       |     4 |    13 |     2 ||    19
 Stab: Sleeping          |     1 |     2 |     5 |       ||     8
       Petrifying        |       |       |     1 |       ||     1
       Distracted        |       |       |     1 |       ||     1
Armor: Leather armour    |     5 |    36 |    12 |       ||    53
       Skin              |    30 |     1 |       |       ||    31
       Chain mail        |       |       |    66 |       ||    66
       Ring mail         |       |       |    37 |    29 ||    66
Dodge: Dodged            |    17 |    55 |   100 |    43 ||   215

Table legend: (Time is in decaauts)
 A = Elapsed time spent in this place.
 B = Non-inter-level travel time spent in this place.
 C = Inter-level travel time spent in this place.
 D = Time resting spent in this place.
 E = Time spent auto-exploring this place.
 F = Levels seen in this place.
 G = Mean time per level.
                   A        B        C        D        E       F      G
               +--------+--------+--------+--------+--------+-----+--------+
         Total |  13076 |  12488 |    588 |   4377 |   5534 |   8 | 1634.5 |
       Dungeon |  13076 |  12488 |    588 |   4377 |   5534 |   8 | 1634.5 |
               +--------+--------+--------+--------+--------+-----+--------+

Top non-repeatable levels by time:
     D:5: 2162 daAuts
     D:6: 2149 daAuts
     D:7: 1830 daAuts
     D:4: 1800 daAuts
     D:3: 1784 daAuts
     D:2: 1471 daAuts
     D:8: 1087 daAuts
     D:1: 789 daAuts
